 Dungeon Sprint DCSS version 0.28.0-53-g5a82cb258f (webtiles) character file.

Game seed: 5517593721537272957

10400000 Zeld the Conqueror (level 27, -4/273 HPs)
             Began as a Minotaur Monk on May 23, 2022.
             Was the Champion of Makhleb.
             Killed by divine providence
             ... invoked by an accursed
              (13 damage)
             ... in the Dungeon (Sprint VIII: "Arena of Blood").
             The game lasted 00:01:53 (104 turns).

Zeld the Conqueror (Minotaur Monk)                   Turns: 104, Time: 00:01:53

Health: -4/273     AC:  4    Str: 31    XL:     27
Magic:  21/53      EV: 24    Int:  7    God:    Makhleb [******]
Gold:   0          SH:  0    Dex: 12    Spells: 80/80 levels left

rFire   . . .      SeeInvis .   h - +∞ Axe of Woe
rCold   . . .      Faith    .   (shield currently unavailable)
rNeg    . . .      Spirit   .   a - +0 robe
rPois   .          Reflect  .   (helmet restricted)
rElec   .          Harm     .   (no cloak)
rCorr   .          Rampage  .   (no gloves)
Will    ++...      NoTele   +   (no boots)
Stlth   +++++++++.              (no amulet)
HPRegen 0.55/turn               (no ring)
MPRegen 0.33/turn               (no ring)

@: no status effects
A: horns 2, retaliatory headbutt
a: Renounce Religion, Minor Destruction, Lesser Servant of Makhleb, Major
Destruction, Greater Servant of Makhleb


You were in the Dungeon.
You worshipped Makhleb.
Makhleb was exalted by your worship.
You visited 1 branch

Inventory:

Hand Weapons
 h - the +∞ Axe of Woe (weapon)
   (You found it in the Dungeon)
Armour
 a - a +0 robe (worn)
Scrolls
 g - a scroll of blinking
Potions
 b - a potion of curing
 c - a potion of heal wounds
 d - a potion of haste
 e - 2 potions of magic
 f - a potion of berserk rage


   Skills:
 O Level 27 Fighting
 O Level 27 Short Blades
 O Level 27 Long Blades
 O Level 27 Axes
 O Level 27 Maces & Flails
 O Level 27 Polearms
 O Level 27 Staves
 O Level 27 Slings
 O Level 27 Bows
 O Level 27 Crossbows
 O Level 27 Throwing
 O Level 27 Armour
 O Level 27 Dodging
 O Level 27 Stealth
 O Level 27 Shields
 O Level 27 Unarmed Combat
 O Level 27 Spellcasting
 + Level 26.4 Conjurations
 + Level 24.5 Hexes
 + Level 26.4 Summonings
 + Level 26.4 Necromancy
 + Level 26.3 Translocations
 O Level 27 Transmutations
 + Level 26.4 Fire Magic
 + Level 26.4 Ice Magic
 + Level 26.3 Air Magic
 O Level 27 Earth Magic
 + Level 26.5 Poison Magic
 O Level 27 Invocations


You had 80 spell levels left.
You didn't know any spells.
Your spell library was empty.

Dungeon Overview and Level Annotations

Branches:
Dungeon (1/1)

Altars:
Makhleb


Innate Abilities, Weirdness & Mutations

You have a pair of horns on your head.
You reflexively headbutt those who attack you in melee.


Message History

You feel better.
Reactivating autopickup.
You feel a bit more experienced.
You hit something.
You cleave something in twain.
Makhleb accepts your kill.
You feel better.
You feel a bit more experienced.
You hear a shout! x2
A meat beast comes into view.
You hear a shout! x2
The accursed points at you and mumbles some strange words.
Something smites you!
* * * LOW HITPOINT WARNING * * *
You hear a shout! x3
Your Conjurations skill increases to level 26!
Your Summonings skill increases to level 26!
Your Necromancy skill increases to level 26!
Your Translocations skill increases to level 26!
Your Fire Magic skill increases to level 26!
Your Ice Magic skill increases to level 26!
Your Air Magic skill increases to level 26!
Your Poison Magic skill increases to level 26!
Unknown command.
Unknown command.
You hear a shout! x3
The eight-headed meat hydra calls on the powers of darkness!
The eight-headed meat hydra convulses!
The bag of meat convulses!
The meat berserker convulses!
The bag of meat convulses!
Your body is wracked with pain!
* * * LOW HITPOINT WARNING * * *
The accursed gestures at you while chanting.
Something smites you!
* * * LOW HITPOINT WARNING * * *
The accursed casts a spell at you. Something smites you!
* * * LOW HITPOINT WARNING * * *
You hear a shout!
A bag of meat comes into view. It is wielding a +9 war axe.
The accursed gestures at you while chanting.
Something smites you!
You die...

... ... #.. .D#
. #.. ..# .
..###.. M.###..
...o...###......
.....2.)_)o.....
.....#O○°)M#....
... #_)o☼_# .
...§.#))@○§#....
.......o§°§.....
.....oo###O.....
o.###.. ..###..
L #.. ..# . #..
..# o.. ... M...
.. ....


You could see 3 accurseds, a meat beast (fast), an eight-headed meat hydra, 2
meat berserkers and 7 bags of meat.

Vanquished Creatures
  8 hell beasts (D)
  3 royal mummies (D)
  4 great orbs of eyes (D)
  4 wraiths (D)
  7 vampire knights (D)
  25 ogres (D)
  4 two-headed ogres (D)
  3 liches (D)
  A hydra (D)
  51 orcs (D)
  2 phantoms (D)
  6 skeletal warriors (D)
118 creatures vanquished.

Notes
Turn   | Place    | Note
-------+----------+-------------------------------------------
     0 | D        | Found the +∞ Axe of Woe
     0 | D        | Zeld the Minotaur Monk began the quest for the Orb.
     0 | D        | Reached XP level 1. HP: 19/19 MP: 0/0
     2 | D        | Noticed a bag of meat
     4 | D        | Became a worshipper of Makhleb the Destroyer
     4 | D        | Reached * piety under Makhleb
     4 | D        | Reached ** piety under Makhleb
     4 | D        | Noticed a meat berserker
     5 | D        | Noticed a meat berserker
     7 | D        | Killed a meat berserker
     7 | D        | Noticed a bag of meat
     7 | D        | Noticed a bag of meat
     8 | D        | Reached skill level 15 in Invocations
     8 | D        | Reached XP level 2. HP: 52/52 MP: 0/9
     8 | D        | Reached XP level 3. HP: 59/59 MP: 0/11
     8 | D        | Reached XP level 4. HP: 68/68 MP: 0/12
     8 | D        | Reached XP level 5. HP: 74/74 MP: 0/14
     8 | D        | Reached XP level 6. HP: 82/82 MP: 0/15
     8 | D        | Reached XP level 7. HP: 90/90 MP: 0/17
     8 | D        | Reached XP level 8. HP: 97/97 MP: 0/18
     8 | D        | Reached XP level 9. HP: 104/104 MP: 0/19
     8 | D        | Reached XP level 10. HP: 113/113 MP: 0/20
     8 | D        | Reached XP level 11. HP: 119/119 MP: 0/21
     8 | D        | Noticed a bag of meat
     8 | D        | Noticed a bag of meat
     8 | D        | Noticed a bag of meat
     9 | D        | Killed a meat berserker
    10 | D        | Reached XP level 12. HP: 134/134 MP: 0/23
    10 | D        | Reached XP level 13. HP: 141/141 MP: 0/24
    10 | D        | Noticed a meat berserker
    11 | D        | Noticed a meat berserker
    11 | D        | Noticed a bag of meat
    12 | D        | Noticed a bag of meat
    13 | D        | Killed a meat berserker
    13 | D        | Reached *** piety under Makhleb
    13 | D        | Killed a bag of meat
    14 | D        | Reached skill level 15 in Dodging
    14 | D        | Reached XP level 14. HP: 71/157 MP: 1/26
    14 | D        | Killed a bag of meat
    14 | D        | Noticed a bag of meat
    15 | D        | Killed a meat berserker
    15 | D        | Killed a bag of meat
    15 | D        | Reached **** piety under Makhleb
    16 | D        | Reached XP level 15. HP: 108/171 MP: 1/29
    18 | D        | Noticed a meat berserker
    20 | D        | Reached skill level 27 in Fighting
    20 | D        | Reached skill level 27 in Axes
    20 | D        | Reached ***** piety under Makhleb
    23 | D        | Noticed a destroyer
    24 | D        | Reached XP level 16. HP: 173/183 MP: 2/32
    24 | D        | Noticed a destroyer
    25 | D        | Killed a meat berserker
    26 | D        | Reached skill level 27 in Invocations
    27 | D        | Killed a destroyer
    28 | D        | Reached skill level 27 in Armour
    29 | D        | Reached skill level 27 in Dodging
    30 | D        | Noticed a large bag of meat
    31 | D        | Reached skill level 10 in Maces & Flails
    31 | D        | Reached skill level 10 in Polearms
    31 | D        | Reached skill level 5 in Spellcasting
    31 | D        | Reached XP level 17. HP: 191/191 MP: 4/33
    31 | D        | Noticed a meat berserker
    33 | D        | Killed a meat berserker
    33 | D        | Noticed a sculptor of flesh
    34 | D        | Noticed a destroyer
    34 | D        | Killed a destroyer
    34 | D        | Reached ****** piety under Makhleb
    35 | D        | Noticed a destroyer
    37 | D        | Reached XP level 18. HP: 172/200 MP: 5/34
    37 | D        | Killed a large bag of meat
    38 | D        | Killed a destroyer
    38 | D        | Killed a destroyer
    39 | D        | Reached skill level 15 in Spellcasting
    40 | D        | Reached XP level 19. HP: 192/207 MP: 5/38
    41 | D        | Noticed a meat berserker
    42 | D        | Reached skill level 27 in Maces & Flails
    42 | D        | Reached skill level 27 in Polearms
    45 | D        | Noticed a meat berserker
    46 | D        | Noticed an accursed
    46 | D        | Killed a meat berserker
    47 | D        | Noticed a tyrant
    47 | D        | Noticed an accursed
    48 | D        | Noticed a meat berserker
    48 | D        | Noticed an accursed
    49 | D        | Killed a meat berserker
    50 | D        | Noticed a meat berserker
    51 | D        | Noticed a meat berserker
    52 | D        | Killed a meat berserker
    53 | D        | Reached skill level 27 in Stealth
    53 | D        | Reached XP level 20. HP: 80/216 MP: 8/45
    56 | D        | Killed a meat berserker
    57 | D        | Reached skill level 27 in Spellcasting
    57 | D        | Reached skill level 5 in Unarmed Combat
    58 | D        | Killed a tyrant
    59 | D        | Killed a meat berserker
    59 | D        | Noticed a meat berserker
    60 | D        | Reached XP level 21. HP: 177/224 MP: 10/51
    60 | D        | Noticed a meat beast
    62 | D        | Killed an accursed
    63 | D        | Reached skill level 27 in Staves
    63 | D        | Reached skill level 27 in Unarmed Combat
    63 | D        | Reached skill level 1 in Conjurations
    63 | D        | Reached skill level 1 in Hexes
    63 | D        | Reached skill level 1 in Summonings
    63 | D        | Reached skill level 1 in Necromancy
    63 | D        | Reached skill level 1 in Translocations
    63 | D        | Reached skill level 1 in Transmutations
    63 | D        | Reached skill level 1 in Fire Magic
    63 | D        | Reached skill level 1 in Ice Magic
    63 | D        | Reached skill level 1 in Air Magic
    63 | D        | Reached skill level 1 in Earth Magic
    63 | D        | Reached skill level 1 in Poison Magic
    64 | D        | Noticed a dread
    66 | D        | Reached XP level 22. HP: 233/233 MP: 11/52
    66 | D        | Killed an accursed
    67 | D        | Reached skill level 10 in Throwing
    67 | D        | Reached skill level 5 in Conjurations
    67 | D        | Reached skill level 5 in Summonings
    67 | D        | Reached skill level 5 in Necromancy
    67 | D        | Reached skill level 5 in Translocations
    67 | D        | Reached skill level 5 in Fire Magic
    67 | D        | Reached skill level 5 in Ice Magic
    67 | D        | Reached skill level 5 in Air Magic
    67 | D        | Reached skill level 5 in Poison Magic
    68 | D        | Reached skill level 5 in Hexes
    68 | D        | Noticed a dread
    69 | D        | Killed a dread
    71 | D        | Noticed a dread
    71 | D        | Noticed a dread
    72 | D        | Noticed a meat beast
    72 | D        | Killed a dread
    72 | D        | Killed a meat beast
    72 | D        | Killed a meat beast
    72 | D        | Noticed a tyrant
    73 | D        | Reached skill level 10 in Conjurations
    73 | D        | Reached skill level 10 in Summonings
    73 | D        | Reached skill level 10 in Necromancy
    73 | D        | Reached skill level 10 in Translocations
    73 | D        | Reached skill level 10 in Fire Magic
    73 | D        | Reached skill level 10 in Ice Magic
    73 | D        | Reached skill level 10 in Air Magic
    73 | D        | Reached skill level 10 in Poison Magic
    73 | D        | Reached XP level 23. HP: 240/240 MP: 13/53
    73 | D        | Reached XP level 24. HP: 249/249 MP: 13/53
    73 | D        | Noticed a meat beast
    73 | D        | Noticed a destroyer
    74 | D        | Killed a dread
    75 | D        | Noticed a large bag of meat
    76 | D        | Reached skill level 10 in Hexes
    76 | D        | Noticed a destroyer
    77 | D        | Killed a dread
    79 | D        | Reached XP level 25. HP: 257/257 MP: 14/53
    79 | D        | Killed a meat beast
    79 | D        | Noticed a meat beast
    80 | D        | Noticed a large bag of meat
    80 | D        | Killed a destroyer
    80 | D        | Killed a destroyer
    81 | D        | Reached skill level 27 in Long Blades
    81 | D        | Reached skill level 27 in Shields
    81 | D        | Reached skill level 15 in Transmutations
    81 | D        | Reached skill level 15 in Earth Magic
    81 | D        | Reached XP level 26. HP: 266/266 MP: 15/53
    83 | D        | Reached skill level 27 in Short Blades
    83 | D        | Reached skill level 27 in Slings
    83 | D        | Reached skill level 27 in Bows
    83 | D        | Reached skill level 27 in Crossbows
    83 | D        | Killed a meat beast
    83 | D        | Killed a large bag of meat
    84 | D        | Reached skill level 27 in Throwing
    84 | D        | Reached skill level 15 in Hexes
    85 | D        | Reached XP level 27. HP: 204/273 MP: 16/53
    85 | D        | Noticed a meat beast
    87 | D        | Killed an accursed
    87 | D        | Noticed a meat beast
    87 | D        | Noticed an accursed
    87 | D        | Noticed a destroyer
    88 | D        | Noticed a tyrant
    89 | D        | Killed a tyrant
    90 | D        | Killed a destroyer
    91 | D        | Killed a meat beast
    91 | D        | Killed a meat beast
    91 | D        | Noticed a large bag of meat
    92 | D        | Killed a large bag of meat
    94 | D        | Noticed a meat beast
    95 | D        | Noticed a meat beast
    98 | D        | Noticed an accursed
    99 | D        | Killed a tyrant
   100 | D        | Killed a large bag of meat
   100 | D        | Killed a meat beast
   100 | D        | Noticed an accursed
   100 | D        | Noticed a destroyer
   101 | D        | Killed a meat beast
   102 | D        | Reached skill level 27 in Transmutations
   102 | D        | Reached skill level 27 in Earth Magic
   103 | D        | Noticed a meat beast
   104 | D        | HP: 9/273 [accursed/divine providence (11)]
   104 | D        | Killed from afar by an accursed

Illustrated notes

Levels and vault maps discovered:
D:        meatsprint

Skill      XL: |  1  2  3  4  5  6  7  8  9 10 11 12 13 14 15 16 17 18 19 20 21 22 23 24 25 26 27 |
---------------+----------------------------------------------------------------------------------+-----
Fighting       | 18 20 23 26 27 | 27.0
Axes           | 17 20 23 25 27 | 27.0
Armour         | 12 14 16 18 22 27 | 27.0
Dodging        | 12 14 15 17 20 27 | 27.0
Invocations    | 15 17 19 22 26 27 | 27.0
Maces & Flails | 10 18 25 27 | 27.0
Polearms       | 10 18 25 27 | 27.0
Stealth        | 8 14 20 27 | 27.0
Spellcasting   | 5 11 16 22 27 | 27.0
Staves         | 16 27 | 27.0
Unarmed Combat | 21 27 | 27.0
Short Blades   | 9 19 23 26 27 | 27.0
Long Blades    | 9 21 25 27 | 27.0
Slings         | 8 19 23 26 27 | 27.0
Bows           | 8 19 23 26 27 | 27.0
Crossbows      | 8 19 23 26 27 | 27.0
Throwing       | 8 18 21 24 27 | 27.0
Shields        | 9 21 25 27 | 27.0
Conjurations   | 4 10 12 14 16 26 | 26.4
Hexes          | 3 9 11 12 15 24 | 24.5
Summonings     | 4 10 12 14 16 26 | 26.4
Necromancy     | 4 10 12 14 16 26 | 26.4
Translocations | 4 10 12 13 16 26 | 26.3
Transmutations | 4 11 13 15 17 27 | 27.0
Fire Magic     | 4 10 12 14 16 26 | 26.4
Ice Magic      | 4 10 12 13 16 26 | 26.4
Air Magic      | 4 10 12 14 16 26 | 26.3
Earth Magic    | 4 11 13 15 17 27 | 27.0
Poison Magic   | 4 10 12 14 16 26 | 26.5

Action                   |  1- 3 |  4- 6 |  7- 9 | 10-12 | 13-15 | 16-18 | 19-21 | 22-24 | 25-27 || total
-------------------------+-------+-------+-------+-------+-------+-------+-------+-------+-------++-------
Melee: Executioner's axe |     1 |       |       |     1 |     8 |    11 |    19 |     9 |    25 ||    74
Dodge: Dodged            |       |       |       |       |       |     1 |       |       |     1 ||     2
